AoeStats
← luke

Hideout

509639745Analyzed
1v1 RM · 6d ago on Sep 27, 2026· 38m 15s· 2 players
Game mode
Random Map
Map size
Tiny (2 player)
Population
200
Speed
Normal
Resources
Standard
Victory
Conquest
Starting age
Dark Age
Ending age
Imperial Age
RankedLock teamsTeams togetherTeam positionsShared explorationLock speedFull tech treeHidden civsTurbo modeCheats
Victory
Defeat
🇬🇧 Sicilians · United Kingdom
788
+17
🇨🇳 Ethiopians · China
811
-41
luke
2:34 Loom
11:51 Feudal Age
12:23 Double-Bit Axe
12:26 Horse Collar
12:39 Stone Mining
12:43 Gold Mining
13:24 Man-at-Arms
24:05 Scale Mail Armor
24:16 Forging
28:27 Castle Age
26:44 Padded Archer Armor
26:35 Fletching
28:42 Crossbowman
33:45 Imperial Age
32:22 Long Swordsman
34:25 Chain Mail Armor
35:34 Two-Handed Swordsman
顺手牵羊
8:34 Loom
11:34 Feudal Age
12:14 Double-Bit Axe
12:12 Horse Collar
17:00 Gold Mining
19:19 Castle Age
20:32 Bow Saw
20:23 Heavy Plow
22:20 Stone Mining
23:07 Gold Shaft Mining
25:13 Fletching
30:26 Squires
40:54 Imperial Age
Connection lost

Rejoining the realm…

Still unreachable

The connection could not be restored.

Session expired

The server has moved on; the page needs a fresh start.